 Dungeon Crawl Stone Soup version 0.30-a0-748-ge6a52f7cba (webtiles) character file.

Game seed: 14959840401203460409

499 oldmanjim the Vexing (level 7, 0/52 HPs)
             Began as a Gnoll Hexslinger on Feb 8, 2023.
             Slain by an iguana (9 damage)
             ... on level 5 of the Dungeon.
             The game lasted 00:18:11 (4498 turns).

oldmanjim the Vexing (Gnoll Hexslinger)             Turns: 4498, Time: 00:18:12

Health: 0/52       AC:  3    Str:  9    XL:     7   Next: 16%
Magic:  12/12      EV: 13    Int: 13    God:
Gold:   232        SH:  4    Dex: 14    Spells: 9/13 levels left

rFire   . . .      SeeInvis .    a - +1 sling
rCold   . . .      Faith    .    j - +0 buckler
rNeg    + . .      Spirit   .    c - +0 robe
rPois   .          Reflect  .    (no helmet)
rElec   .          Harm     .    (no cloak)
rCorr   .          Rampage  .    i - +0 pair of gloves
Will    .....                    (no boots)
Stlth   ++                       d - amulet of regeneration
HPRegen 1.08/turn                s - ring of positive energy
MPRegen 0.13/turn                (no ring)

@: no status effects
A: fangs 1, strong nose, distributed training
a: no special abilities


You were on level 5 of the Dungeon.
You visited 1 branch of the dungeon, and saw 5 of its levels.

You collected 232 gold pieces.

Inventory:

Hand Weapons
 a - a +1 sling (weapon)
 b - a +0 short sword of venom
Missiles
 g - 56 stones
 y - 13 poisoned darts
Armour
 c - a +0 robe (worn)
 i - a +0 pair of gloves (worn)
 j - a +0 buckler (worn)
 B - a +0 leather armour
Magical Staves
 z - a staff of death
Jewellery
 d - an amulet of regeneration (around neck)
 s - a ring of positive energy (left hand)
Wands
 A - a wand of flame (9)
Scrolls
 e - a scroll of brand weapon
 f - 3 scrolls of teleportation
 l - 2 scrolls of poison
 m - a scroll of magic mapping
 n - 3 scrolls of silence
 t - a scroll of fear
 u - a scroll of enchant weapon
 v - a scroll of torment
 w - a scroll of butterflies
Potions
 h - 3 potions of mutation
 k - a potion of lignification {unknown}
 o - a potion of flight {unknown}
 p - a potion of brilliance {unknown}
 r - 2 potions of curing {unknown}
 x - a potion of haste {unknown}


   Skills:
 + Level 3.5 Fighting
 + Level 2.4 Short Blades
 + Level 2.4 Long Blades
 + Level 2.4 Axes
 + Level 2.4 Maces & Flails
 + Level 2.4 Polearms
 + Level 2.4 Staves
 + Level 5.2 Ranged Weapons
 + Level 2.4 Throwing
 + Level 2.4 Armour
 + Level 5.2 Dodging
 + Level 2.4 Stealth
 + Level 2.4 Shields
 + Level 2.4 Unarmed Combat
 + Level 3.7 Spellcasting
 + Level 2.0 Conjurations
 + Level 5.8 Hexes
 + Level 2.0 Summonings
 + Level 2.0 Necromancy
 + Level 2.0 Translocations
 + Level 2.0 Transmutations
 + Level 2.0 Fire Magic
 + Level 2.0 Ice Magic
 + Level 2.0 Air Magic
 + Level 2.0 Earth Magic
 + Level 2.0 Poison Magic
 + Level 2.6 Invocations
 + Level 2.4 Evocations


You had 9 spell levels left.
You knew the following spells:

 Your Spells              Type           Power      Damage    Failure   Level
a - Slow                  Hex            68%        N/A       2%          1
b - Portal Projectile     Hex/Tloc       24%        N/A       17%         3

Your spell library contained the following spells:

 Spells                   Type           Power      Damage    Failure   Level
 Freeze                   Ice            28%        1d5       12%         1
 Inner Flame              Hex/Fire       12%        N/A       17%         3
 Sublimation of Blood     Necr           7%         N/A       19%         2
 Wereblood                Tmut           7%         N/A       19%         2
 Cause Fear               Hex            8%         N/A       26%         4
 Frozen Ramparts          Ice            14%        1d3       36%         3
 Hailstorm                Conj/Ice       7%         3d4       36%         3
 Summon Hydra             Summ           3%         N/A       100%        7


Dungeon Overview and Level Annotations

Branches:
Dungeon (5/15)
 Temple: D:4-7

Altars:
Cheibriados
Wu Jian

Annotations:
D:5 Edmund


Innate Abilities, Weirdness & Mutations

You have very sharp teeth.
Your uncanny sense of smell can sniff out nearby items.
Your experience applies equally to all skills.


Message History

The sling bullet hits the iguana but does no damage.
You shoot a sling bullet.
The sling bullet hits the iguana but does no damage.
You shoot a sling bullet. The sling bullet hits the iguana.
The iguana is lightly wounded.
Casting: Slow (safe; 2% risk of failure)
Confirm with . or Enter, or press ? or * to list all spells.
Aiming: Slow (safe; 2% risk of failure)
Press: ? - help, Shift-Dir - straight line, f/p - iguana
Aim: an iguana (lightly wounded, chance to affect: 59%)
The iguana seems to slow down.
You shoot a sling bullet. The sling bullet hits the iguana.
The iguana is lightly wounded.
You shoot a sling bullet.
The sling bullet hits the iguana but does no damage.
The iguana is lightly wounded.
You shoot a sling bullet. The sling bullet hits the iguana.
The iguana is moderately wounded.
The iguana barely misses you. You block the iguana's attack.
You shoot a sling bullet.
The sling bullet hits the iguana but does no damage.
The iguana is moderately wounded.
The iguana is no longer moving slowly.
The iguana bites you! x2
The iguana attacks as you move away! The iguana barely misses you.
You shoot a sling bullet.
The sling bullet hits the iguana but does no damage.
The iguana is moderately wounded.
You block the iguana's attack.
You shoot a sling bullet. The sling bullet hits the iguana.
The iguana is moderately wounded.
The iguana bites you!
You shoot a sling bullet. The sling bullet hits the iguana.
The iguana is heavily wounded.
The iguana bites you!
The iguana bites you but does no damage.
The iguana bites you!
* * * LOW HITPOINT WARNING * * *
The iguana attacks as you move away! The iguana closely misses you.
The iguana attacks as you move away! The iguana bites you!
You die...

............#.##
................# #
..^............# #
...........@..##### . #
<........@....##... ..#.
#...J.............#
.....##............#...§
......#............#.≈≈≈
#..@###........#.≈§§
#...ll...##.....§§.≈
##....##.####..#.§.≈
#.....##..# #....≈.§
#........## #...§§.≈
...#......#.##...§≈§≈
...##............#§§..
...# #.)..###.....#.≈.§
..# #..##..##.......≈.≈


You could see Edmund, 2 iguanas and a jelly (wandering).

Vanquished Creatures
  Sigmund (D:2)
  A black bear (D:5)
  A scorpion (D:4)
  A jelly (D:5)
  7 adders
  A worm (D:3)
  2 dart slugs
  3 orcs
  10 ball pythons
  11 endoplasms
  6 giant cockroaches
  8 goblins
  8 hobgoblins
  3 jackals (D:1)
  3 quokkas
  5 bats
  2 frilled lizards (D:2)
  7 kobolds
  2 rats (D:3)
82 creatures vanquished.

Notes
Turn   | Place    | Note
-------+----------+-------------------------------------------
     0 | D:1      | oldmanjim the Gnoll Hexslinger began the quest for the Orb.
     0 | D:1      | Reached XP level 1. HP: 17/17 MP: 4/4
   124 | D:1      | Reached XP level 2. HP: 21/23 MP: 5/5
   390 | D:1      | Reached XP level 3. HP: 28/28 MP: 7/7
   575 | D:1      | Reached skill level 1 in Invocations
  1214 | D:2      | Reached skill level 1 in Short Blades
  1214 | D:2      | Reached skill level 1 in Long Blades
  1214 | D:2      | Reached skill level 1 in Axes
  1214 | D:2      | Reached skill level 1 in Maces & Flails
  1214 | D:2      | Reached skill level 1 in Polearms
  1214 | D:2      | Reached skill level 1 in Staves
  1214 | D:2      | Reached skill level 1 in Throwing
  1214 | D:2      | Reached skill level 1 in Armour
  1214 | D:2      | Reached skill level 1 in Stealth
  1214 | D:2      | Reached skill level 1 in Shields
  1214 | D:2      | Reached skill level 1 in Unarmed Combat
  1214 | D:2      | Reached skill level 1 in Evocations
  1501 | D:2      | Reached XP level 4. HP: 34/34 MP: 8/8
  1687 | D:2      | Learned a level 3 spell: Portal Projectile
  1718 | D:2      | Noticed Sigmund
  1732 | D:2      | Killed Sigmund
  1733 | D:2      | Reached skill level 1 in Conjurations
  1733 | D:2      | Reached skill level 1 in Summonings
  1733 | D:2      | Reached skill level 1 in Necromancy
  1733 | D:2      | Reached skill level 1 in Translocations
  1733 | D:2      | Reached skill level 1 in Transmutations
  1733 | D:2      | Reached skill level 1 in Fire Magic
  1733 | D:2      | Reached skill level 1 in Ice Magic
  1733 | D:2      | Reached skill level 1 in Air Magic
  1733 | D:2      | Reached skill level 1 in Earth Magic
  1733 | D:2      | Reached skill level 1 in Poison Magic
  1733 | D:2      | Reached XP level 5. HP: 23/41 MP: 3/10
  1733 | D:2      | Reached XP level 6. HP: 26/47 MP: 3/11
  2360 | D:3      | Reached skill level 5 in Ranged Weapons
  2360 | D:3      | Reached skill level 5 in Dodging
  3952 | D:5      | Entered Level 5 of the Dungeon
  4011 | D:5      | Noticed Edmund
  4086 | D:5      | Found an ornate altar of the Wu Jian Council.
  4089 | D:5      | Found a snail-covered altar of Cheibriados.
  4135 | D:5      | Noticed a black bear
  4175 | D:5      | Killed a black bear
  4176 | D:5      | Reached XP level 7. HP: 32/52 MP: 12/12
  4498 | D:5      | Slain by an iguana

Illustrated notes

Levels and vault maps discovered:
D:1:      dpeg_arrival_long_road, layout_loops_corners,
          minmay_misc_feat_ornament
D:2:      layout_basic, uniq_sigmund
D:3:      layout_basic, kennysheep_small_spiral
D:4:      layout_layer_cave
D:5:      layout_cave_pools, mainiacjoe_overflow_catwalk_spiral, uniq_edmund

Skill      XL: |  1  2  3  4  5  6  7 |
---------------+----------------------+-----
Invocations    | 1 2 |  2.6
Short Blades   | 1 2 |  2.4
Long Blades    | 1 2 |  2.4
Axes           | 1 2 |  2.4
Maces & Flails | 1 2 |  2.4
Polearms       | 1 2 |  2.4
Staves         | 1 2 |  2.4
Throwing       | 1 2 |  2.4
Armour         | 1 2 |  2.4
Stealth        | 1 2 |  2.4
Shields        | 1 2 |  2.4
Unarmed Combat | 1 2 |  2.4
Evocations     | 1 2 |  2.4
Spellcasting   | 3 |  3.7
Fighting       | 3 |  3.5
Conjurations   | 1 2 |  2.0
Summonings     | 1 2 |  2.0
Necromancy     | 1 2 |  2.0
Translocations | 1 2 |  2.0
Transmutations | 1 2 |  2.0
Fire Magic     | 1 2 |  2.0
Ice Magic      | 1 2 |  2.0
Air Magic      | 1 2 |  2.0
Earth Magic    | 1 2 |  2.0
Poison Magic   | 1 2 |  2.0
Ranged Weapons | 5 |  5.2
Dodging        | 5 |  5.2
Hexes          | |  5.8

Action                     |  1- 3 |  4- 6 |  7- 9 || total
---------------------------+-------+-------+-------++-------
  Melee: Short sword       |       |    12 |     8 ||    20
         Bite              |       |     3 |     1 ||     4
   Fire: Sling             |   105 |   168 |    10 ||   283
   Cast: Slow              |    10 |     7 |     2 ||    19
         Portal Projectile |       |     3 |       ||     3
    Use: Scroll            |       |    10 |       ||    10
 Armour: Robe              |    10 |    10 |     1 ||    21
  Dodge: Dodged            |    38 |    49 |    10 ||    97
  Block: Buckler           |     4 |    19 |     2 ||    25

Table legend: (Time is in decaauts)
 A = Elapsed time spent in this place.
 B = Non-inter-level travel time spent in this place.
 C = Inter-level travel time spent in this place.
 D = Time resting spent in this place.
 E = Time spent auto-exploring this place.
 F = Levels seen in this place.
 G = Mean time per level.
                   A        B        C        D        E       F      G
               +--------+--------+--------+--------+--------+-----+--------+
         Total |   4546 |   4443 |    103 |    367 |   3243 |   5 |  909.2 |
       Dungeon |   4546 |   4443 |    103 |    367 |   3243 |   5 |  909.2 |
               +--------+--------+--------+--------+--------+-----+--------+

Top non-repeatable levels by time:
     D:3: 1262 daAuts
     D:1: 992 daAuts
     D:2: 917 daAuts
     D:4: 873 daAuts
     D:5: 501 daAuts
